 Dungeon Sprint DCSS version 0.17-a0-2073-gde5cdba (webtiles) character file.

86425487 Kidiri the Invulnerable (level 24, 181/181 HPs)
             Began as a Gargoyle Fighter on Oct 14, 2015.
             Was the Champion of the Shining One.
             Escaped with the Orb
             ... and 17 runes!
             The game lasted 01:27:56 (21198 turns).

Kidiri the Invulnerable (Gargoyle Fighter)         Turns: 21198, Time: 01:27:56

Health: 181/181    AC: 52    Str: 41    XL:     24   Next: 61%
Magic:  54/54      EV: 18    Int: 10    God:    the Shining One [******]
Gold:   1359       SH: 32    Dex:  9    Spells: 0 memorised, 77 levels left

rFire  + + +     SeeInvis .     q - +9 morningstar (holy)
rCold  + + .     Clarity  .     c - +2 gold dragon armour
rNeg   + + +     SustAt   .     J - +2 large shield
rPois  ∞         Gourm    .     G - -2 hat of the Alchemist {rElec rPois rF+ rC+ rN+ MR+ rMut rCorr}
rElec  +         Spirit   .     b - +2 cloak {+Inv}
rCorr  +         Warding  .     a - +2 pair of gloves {archery}
rMut   +         NoTele   +     (no boots)
MR     ++++.                    L - amulet of Zin's Displeasure {+Rage rElec rF+}
Stlth  +.........               r - +6 ring of strength
                                P - ring "Bul Wixt" {Wiz MR++ Str+4}

@: glowing, incredibly resistant to hostile enchantments, very unstealthy
A: big wings, negative energy resistance 1, electricity resistance, unbreathing,
petrification resistance, rot immunity, AC +17
a: Fly, Divine Shield, Cleansing Flame, Summon Divine Warrior, Renounce
Religion, Evoke Berserk Rage, Evoke Invisibility
0: Orb of Zot
}: 17/15 runes: decaying, serpentine, barnacled, slimy, elven, silver, golden,
iron, obsidian, icy, bone, abyssal, glowing, magical, fiery, dark, gossamer


You escaped.
You worshipped the Shining One.
The Shining One was exalted by your worship.
You were full.

You visited 1 branch You collected 1925 gold pieces.
You spent 566 gold pieces at shops.

Inventory:

Hand Weapons
 q - a +9 morningstar of holy wrath (weapon)
 T - the +7 mace of Eternal War {elec, rC+ SInv}
   (Okawaru gifted it to you in the Dungeon)

   Occasionally, upon striking a foe, it will discharge some electrical energy
   and cause terrible harm.
   It protects you from cold.
   It lets you see invisible.
Missiles
 l - 5 silver tomahawks
 m - 7 javelins of returning
 D - 2 throwing nets
 E - 29 steel javelins
 I - 17 javelins
 K - 21 silver javelins
 M - 10 javelins of penetration (quivered)
Armour
 a - a +2 pair of gloves of archery (worn)
 b - a +2 cloak of invisibility (worn)
 c - a +2 gold dragon armour (worn)
 G - the -2 hat of the Alchemist (worn) {rElec rPois rF+ rC+ rN+ MR+ rMut rCorr}
   (You bought it in a shop in the Dungeon)

   It protects you from fire.
   It protects you from cold.
   It insulates you from electricity.
   It protects you from poison.
   It protects you from negative energy.
   It affects your resistance to hostile enchantments.
   It protects you from acid and corrosion.
   It protects you from mutation.
 J - a +2 large shield (worn)
Jewellery
 r - a +6 ring of strength (right hand)
 L - the amulet of Zin's Displeasure (around neck) {+Rage rElec rF+}
   (You found it in the Dungeon)

   [amulet of rage]

   It protects you from fire.
   It insulates you from electricity.
   It lets you go berserk.
 P - the ring "Bul Wixt" (left hand) {Wiz MR++ Str+4}
   (You found it in the Dungeon)

   [ring of wizardry]

   It improves your spell success rate.
   It affects your strength (+4).
   It affects your resistance to hostile enchantments.
Wands
 p - a wand of fire (7)
 U - a wand of hasting (5)
 V - a wand of heal wounds (5)
Scrolls
 n - 7 scrolls of remove curse
 o - 2 scrolls of amnesia
 s - a scroll of recharging
 x - 4 scrolls of identify
 y - 7 scrolls of fear
Potions
 d - a potion of might
 f - 16 potions of curing
 h - 2 potions of haste
 i - 4 potions of magic
 j - 3 potions of berserk rage
 t - 2 potions of brilliance
 v - 2 potions of resistance
Comestibles
 z - 32 fruits
 A - 11 meat rations


   Skills:
 O Level 27 Fighting
 O Level 27 Maces & Flails
 O Level 27 Throwing
 O Level 27 Armour
 O Level 27 Dodging
 O Level 27 Stealth
 O Level 27 Shields
 O Level 27 Unarmed Combat
 O Level 27 Spellcasting
 O Level 27 Invocations
 O Level 27 Evocations


You had 77 spell levels left.
You didn't know any spells.

Dungeon Overview and Level Annotations

Branches:
Dungeon (1/1)

Altars:
Cheibriados
Dithmenos
Elyvilon
Fedhas
Gozag
Kikubaaqudgha
Makhleb
Nemelex Xobeh
Okawaru
Qazlal
Ru
Sif Muna
Trog
Vehumet
Xom
Yredelemnul
Zin
The Shining One
Beogh
Jiyva
Lugonu

Shops:
D %[%=


Innate Abilities, Weirdness & Mutations

You are resistant to torment.
Your stone body is resilient (AC +17).
You are immune to poison.
Your large and strong wings let you fly indefinitely.
You resist negative energy.
You are resistant to electric shocks.
You can survive without breathing.
You are immune to petrification.
You are immune to rotting.


Message History

The Orb Guardian is almost dead.
You block the Orb Guardian's attack.
You hit the Orb Guardian.
The Orb Guardian is almost dead.
The Orb Guardian hits you.
You thump the Orb Guardian!
You kill the Orb Guardian!
There is an open door to the Temple here.
You impale the soul eater!!
The soul eater convulses!!
The soul eater is almost dead.
You block the soul eater's attack.
You bludgeon the soul eater!!
You kill the soul eater!
The Shining One accepts your kill.
There is an open door here.
You see here a leather armour.
There is an open door to the Dungeon here.
You see here a club.
There is a staircase leading out of the dungeon here.
You have escaped!

▓.............')[)
▓.▓▓▓▓▓▓▓▓▓▓▓▓▓▓▓▓
▓.................
▓▓▓▓▓▓▓▓▓▓▓▓▓▓▓▓▓▓
▓.......'.....?...
▓.▓▓▓▓▓▓▓▓▓▓▓▓▓▓▓▓
▓.................
▓▓▓▓▓▓▓▓▓▓▓▓▓▓▓▓▓▓
▓@...)'....['.....
▓▓▓▓▓▓▓▓▓▓▓▓▓▓▓▓▓▓


There were no monsters in sight!

Vanquished Creatures
  Cerebov (D)
  Antaeus (D)
  Asmodeus (D)
  the royal jelly (D)
  Ereshkigal (D)
  Gloorx Vloq (D)
  A seraph (D)
  Mnoleg (D)
  Lom Lobon (D)
  Dispater (D)
  3 orbs of fire (D)
  Mara (D)
  2 ancient liches (D)
  Mennas (D)
  7 pandemonium lords (D)
  5 greater mummies (D)
  Boris (D)
  Frederick (D)
  Margery (D)
  Norris (D)
  4 golden dragons (D)
  Geryon (D)
  Nikola (D)
  Jory (D)
  Xtahua (D)
  A bone dragon (D)
  6 liches (D)
  A Brimstone Fiend (D)
  3 electric golems (D)
  5 tentacled monstrosities (D)
  2 Hell Sentinels (D)
  35 Orb Guardians (D)
  4 deep elf blademasters (D)
  An Executioner (D)
  3 Shadow Fiends (D)
  8 titans (D)
  6 deep elf master archers (D)
  12 acid blobs (D)
  12 sphinxes (D)
  Gastronok (D)
  2 death cobs (D)
  A thorn hunter (D)
  2 tengu reavers (D)
  A storm dragon (D)
  9 shadow dragons (D)
  5 greater nagas (D)
  14 azure jellies (D)
  Ilsuiw (D)
  8 fire giants (D)
  2 vault wardens (D)
  2 draconian knights (D)
  13 frost giants (D)
  2 deep elf sorcerers (D)
  Louise (D)
  A draconian scorcher (D)
  3 warmongers (D)
  2 ghost moths (D)
  A draconian zealot (D)
  An angel (D)
  6 emperor scorpions (D)
  3 draconian shifters (D)
  7 stone giants (D)
  A draconian annihilator (D)
  A very ugly thing (D)
  2 reapers (D)
  6 vampire knights (D)
  2 draconian callers (D)
  2 deep elf demonologists (D)
  2 green draconians (D)
  4 deep elf annihilators (D)
  2 lorocyprocas (D)
  A black draconian (D)
  3 white draconians (D)
  A chaos champion (D)
  3 purple draconians (D)
  2 red draconians (D)
  4 yellow draconians (D)
  2 blizzard demons (D)
  6 fire dragons (D)
  5 merfolk javelineers (D)
  4 merfolk impalers (D)
  3 mummy priests (D)
  25 vault guards (D)
  A minotaur (D)
  3 ettins (D)
  6 death oozes (D)
  5 yaktaur captains (D)
  4 hydras (D)
  4 rakshasas (D)
  11 ice dragons (D)
  Harold (D)
  3 hell beasts (D)
  2 entropy weavers (D)
  4 naga warriors (D)
  2 monstrous demonspawn (D)
  11 ogre magi (D)
  3 centaur warriors (D)
  2 merfolk avatars (D)
  2 anacondas (D)
  An alligator (D)
  2 merfolk aquamancers (D)
  A deep troll earth mage (D)
  A naga sharpshooter (D)
  A shock serpent (D)
  A tengu warrior (D)
  A spriggan berserker (D)
  2 thrashing horrors (D)
  5 deep elf knights (D)
  12 spriggans (D)
  5 soul eaters (D)
  A shadow wraith (D)
  2 sun demons (D)
  A skeletal warrior (D)
  3 hell knights (D)
  6 large abominations (D)
  An unseen horror (shapeshifter) (D)
  A flayed ghost (D)
  3 ice devils (D)
  14 ball lightnings (D)
  A cherub (D)
  A sea snake (D)
  2 unseen horrors (D)
  A deep troll (D)
  A deep elf summoner (D)
  A spriggan druid (D)
  A gelid demonspawn (D)
  7 swamp dragons (D)
  A shambling mangrove (D)
  A deep elf conjurer (D)
  5 orc knights (D)
  6 hill giants (D)
  A giant orange brain (shapeshifter) (D)
  A putrid demonspawn (D)
  A phantasmal warrior (D)
  6 wolf spiders (D)
  3 ironbrand convokers (D)
  3 sixfirhies (D)
  A shining eye (shapeshifter) (D)
  A manticore (D)
  A torturous demonspawn (D)
  An orb spider (D)
  3 black mambas (D)
  An ugly thing (D)
  2 griffons (D)
  4 necromancers (D)
  6 rust devils (D)
  An elephant (D)
  10 moths of wrath (D)
  Joseph (D)
  4 orange demons (D)
  2 naga magi (D)
  8 smoke demons (D)
  A guardian serpent (D)
  2 tormentors (D)
  A gargoyle (D)
  2 demonic crawlers (D)
  4 spiny frogs (D)
  A yaktaur (D)
  2 hellions (D)
  An efreet (D)
  A fire drake (shapeshifter) (D)
  2 red devils (D)
  A blue devil (D)
  20 guardian mummies (D)
  A wandering mushroom (D)
  5 merfolk (D)
  12 hellwings (D)
  2 freezing wraiths (D)
  2 trolls (D)
  2 jumping spiders (D)
  2 boulder beetles (D)
  2 slime creatures (D)
  2 snapping turtles (D)
  A hippogriff (D)
  A raiju (D)
  4 trapdoor spiders (D)
  A tarantella (shapeshifter) (D)
  2 deep elf magi (D)
  A neqoxec (D)
  2 water elementals (D)
  A yak (shapeshifter) (D)
  A ynoxinul (D)
  2 golden eyes (D)
  A deep elf fighter (D)
  A yak (D)
  2 chaos spawn (D)
  2 wargs (D)
  A hungry ghost (D)
  A vampire mosquito (D)
  5 wolves (D)
  A mottled dragon (D)
  3 nagas (D)
  3 water moccasins (D)
  A hell hound (D)
  4 porcupines (D)
  2 swamp drakes (D)
  An ogre (D)
  11 orc warriors (D)
  An eye of draining (D)
  An ice beast (D)
  2 centaurs (D)
  A wasp (D)
  5 giant frogs (D)
  A wight (D)
  A crimson imp (D)
  A small abomination (D)
  2 orc wizards (D)
  2 quasits (D)
  2 jellies (D)
  3 orc priests (D)
  2 hounds (D)
  3 iron imps (D)
  2 iguanas (D)
  2 worker ants (D)
  2 river rats (D)
  A shadow imp (D)
  A white imp (D)
  An ufetubus (D)
  An ooze (D)
  10 orcs (D)
  2 bat skeletons (D)
  2 hobgoblins (D)
  2 jackals (D)
  3 rats (D)
  A fire vortex (D)
706 creatures vanquished.

Vanquished Creatures (others)
  An ancient lich (D)
  An Orb Guardian (D)
  A merfolk aquamancer (D)
  2 ball lightnings (D)
  A swamp drake (D)
6 creatures vanquished.

Grand Total: 712 creatures vanquished

Notes
Turn   | Place    | Note
--------------------------------------------------------------
     0 | D        | Kidiri the Gargoyle Fighter began the quest for the Orb.
     0 | D        | Reached XP level 1. HP: 14/14 MP: 1/1
    61 | D        | Noticed a worker ant
    61 | D        | Noticed a worker ant
    64 | D        | Reached skill level 4 in Armour
    64 | D        | Reached XP level 2. HP: 19/19 MP: 2/2
    66 | D        | Reached skill level 1 in Dodging
    93 | D        | Killed a worker ant
    93 | D        | Reached XP level 3. HP: 7/24 MP: 3/3
   103 | D        | Killed a worker ant
   103 | D        | Reached skill level 5 in Armour
   103 | D        | Reached skill level 5 in Shields
   103 | D        | Reached XP level 4. HP: 29/29 MP: 4/4
   116 | D        | Found a glowing silver altar of Zin.
   116 | D        | Found a glowing golden altar of the Shining One.
   116 | D        | Found an ancient bone altar of Kikubaaqudgha.
   116 | D        | Found a basalt altar of Yredelemnul.
   116 | D        | Found a shimmering altar of Xom.
   116 | D        | Found a radiant altar of Vehumet.
   117 | D        | Found an iron altar of Okawaru.
   118 | D        | Found a burning altar of Makhleb.
   119 | D        | Found a deep blue altar of Sif Muna.
   120 | D        | Found a bloodstained altar of Trog.
   121 | D        | Found a sparkling altar of Nemelex Xobeh.
   122 | D        | Found a white marble altar of Elyvilon.
   123 | D        | Found a roughly hewn altar of Beogh.
   124 | D        | Found a viscous altar of Jiyva.
   125 | D        | Became a worshipper of Warmaster Okawaru
   126 | D        | Found a corrupted altar of Lugonu.
   127 | D        | Found a blossoming altar of Fedhas.
   128 | D        | Found a snail-covered altar of Cheibriados.
   129 | D        | Found a shadowy altar of Dithmenos.
   130 | D        | Found a stormy altar of Qazlal.
   131 | D        | Found an opulent altar of Gozag.
   132 | D        | Found a sacrificial altar of Ru.
   285 | D        | Noticed a jelly
   285 | D        | Noticed a hound
   285 | D        | Noticed an orc warrior
   285 | D        | Noticed a giant frog
   285 | D        | Noticed a centaur
   287 | D        | Killed a jelly
   287 | D        | Reached skill level 1 in Invocations
   290 | D        | Killed a hound
   290 | D        | Reached XP level 5. HP: 30/34 MP: 4/6
   301 | D        | Killed an orc warrior
   301 | D        | Reached skill level 5 in Fighting
   301 | D        | Reached skill level 5 in Maces & Flails
   301 | D        | Reached skill level 6 in Armour
   306 | D        | Killed a giant frog
   306 | D        | Reached * piety under Okawaru
   306 | D        | Reached skill level 7 in Armour
   306 | D        | Reached XP level 6. HP: 27/40 MP: 6/8
   316 | D        | Killed a centaur
   423 | D        | Noticed a centaur
   423 | D        | Noticed an iguana
   423 | D        | Noticed a hound
   423 | D        | Noticed an ogre
   423 | D        | Noticed a wight
   425 | D        | Killed a centaur
   425 | D        | Reached skill level 5 in Dodging
   427 | D        | Killed an iguana
   427 | D        | Reached skill level 8 in Armour
   427 | D        | Reached XP level 7. HP: 46/46 MP: 6/10
   429 | D        | Killed a hound
   435 | D        | Killed an ogre
   436 | D        | Killed a wight
   448 | D        | Noticed a trapdoor spider
   449 | D        | Killed a trapdoor spider
   449 | D        | Reached skill level 9 in Armour
   562 | D        | Noticed a water moccasin
   562 | D        | Noticed a porcupine
   562 | D        | Noticed an iguana
   562 | D        | Noticed a giant frog
   562 | D        | Noticed a porcupine
   567 | D        | Noticed a water moccasin
   573 | D        | Killed a water moccasin
   573 | D        | Reached ** piety under Okawaru
   573 | D        | Reached skill level 5 in Invocations
   573 | D        | Reached XP level 8. HP: 52/52 MP: 11/11
   574 | D        | Killed a porcupine
   577 | D        | Killed an iguana
   579 | D        | Noticed a water moccasin
   579 | D        | Killed a giant frog
   581 | D        | Killed a porcupine
   583 | D        | Killed a water moccasin
   587 | D        | Killed a water moccasin
   764 | D        | Noticed a spiny frog
   764 | D        | Noticed a giant frog
   764 | D        | Noticed a porcupine
   764 | D        | Noticed an elephant
   764 | D        | Noticed a porcupine
   764 | D        | Noticed a spiny frog
   767 | D        | Noticed a giant frog
   771 | D        | Killed a spiny frog
   771 | D        | Reached *** piety under Okawaru
   771 | D        | Reached skill level 10 in Armour
   771 | D        | Reached skill level 10 in Shields
   773 | D        | Killed a giant frog
   773 | D        | Reached XP level 9. HP: 42/58 MP: 11/13
   774 | D        | Noticed a giant frog
   776 | D        | Killed a porcupine
   777 | D        | Noticed a yak
   782 | D        | Killed an elephant
   786 | D        | Killed a porcupine
   786 | D        | Reached **** piety under Okawaru
   795 | D        | Killed a spiny frog
   795 | D        | Reached skill level 11 in Armour
   802 | D        | Killed a giant frog
   802 | D        | Reached skill level 10 in Maces & Flails
   804 | D        | Killed a giant frog
   809 | D        | Killed a yak
   960 | D        | Noticed a wolf
   960 | D        | Noticed a hell hound
   960 | D        | Noticed a wolf
   960 | D        | Noticed a wolf
   963 | D        | Noticed a wolf
   964 | D        | Noticed a warg
   968 | D        | Noticed a warg
   969 | D        | Killed a hell hound
   972 | D        | Noticed a wolf
   976 | D        | Killed a wolf
   979 | D        | Killed a warg
   983 | D        | Killed a wolf
   990 | D        | Killed a warg
   990 | D        | Reached XP level 10. HP: 56/65 MP: 15/15
   996 | D        | Killed a wolf
  1002 | D        | Killed a wolf
  1003 | D        | Killed a wolf
  1165 | D        | Noticed Harold
  1186 | D        | Killed Harold
  1186 | D        | Reached ***** piety under Okawaru
  1186 | D        | Reached skill level 12 in Armour
  1226 | D        | Noticed Gastronok
  1247 | D        | Killed Gastronok
  1409 | D        | Noticed an orc priest
  1409 | D        | Noticed an orc priest
  1409 | D        | Noticed an orc wizard
  1409 | D        | Noticed an orc knight
  1414 | D        | Noticed an orc priest
  1415 | D        | Killed an orc priest
  1426 | D        | Noticed an orc warrior
  1427 | D        | Killed an orc knight
  1427 | D        | Reached skill level 13 in Armour
  1429 | D        | Noticed an orc warrior
  1431 | D        | Killed an orc priest
  1431 | D        | Reached XP level 11. HP: 72/72 MP: 17/17
  1437 | D        | Killed an orc wizard
  1446 | D        | Killed an orc warrior
  1449 | D        | Killed an orc warrior
  1454 | D        | Killed an orc priest
  1696 | D        | Noticed an orc warrior
  1696 | D        | Noticed an orc warrior
  1696 | D        | Noticed an orc warrior
  1696 | D        | Noticed an orc wizard
  1696 | D        | Noticed an orc knight
  1700 | D        | Killed an orc warrior
  1700 | D        | Reached skill level 10 in Dodging
  1701 | D        | Noticed an orc warrior
  1704 | D        | Killed an orc warrior
  1705 | D        | Noticed an orc warrior
  1710 | D        | Killed an orc warrior
  1711 | D        | Noticed an orc warrior
  1714 | D        | Killed an orc wizard
  1718 | D        | Noticed an orc warrior
  1720 | D        | Killed an orc knight
  1720 | D        | Reached skill level 10 in Fighting
  1725 | D        | Killed an orc warrior
  1730 | D        | Killed an orc warrior
  1733 | D        | Killed an orc warrior
  1744 | D        | Killed an orc warrior
  1800 | D        | Found Lydodeoh's Food Emporium.
  1800 | D        | Noticed an ogre mage
  1800 | D        | Noticed an ogre mage
  1800 | D        | Noticed a hill giant
  1800 | D        | Noticed a hill giant
  1800 | D        | Noticed a hill giant
  1801 | D        | Noticed an ettin
  1807 | D        | Noticed an ogre mage
  1807 | D        | Killed an ogre mage
  1808 | D        | Found Quwo's Armour Shoppe.
  1809 | D        | Noticed an ogre mage
  1819 | D        | Killed an ogre mage
  1823 | D        | Killed a hill giant
  1823 | D        | Received a gift from Okawaru
  1831 | D        | Killed a hill giant
  1831 | D        | Reached skill level 14 in Armour
  1833 | D        | Noticed an ogre mage
  1837 | D        | Killed a hill giant
  1837 | D        | Reached skill level 1 in Throwing
  1838 | D        | Found Uku Luaha's Food Emporium.
  1843 | D        | Killed an ettin
  1847 | D        | Killed an ogre mage
  1848 | D        | Found Xofuajarr's Jewellery Shoppe.
  1851 | D        | Killed an ogre mage
  1853 | D        | Noticed a troll
  1854 | D        | Noticed a hill giant
  1858 | D        | Killed an ogre mage
  1858 | D        | Reached skill level 10 in Invocations
  1858 | D        | Reached XP level 12. HP: 6/80 MP: 19/19
  1861 | D        | Noticed a deep troll
  1861 | D        | Noticed a hill giant
  1863 | D        | Killed a troll
  1866 | D        | Killed a hill giant
  1866 | D        | Received a gift from Okawaru
  1870 | D        | Killed a deep troll
  1880 | D        | Killed a hill giant
  1906 | D        | Bought the -2 hat of the Alchemist {rElec rPois rF+ rC+ rN+ MR+ rMut rCorr} for 566 gold pieces
  2313 | D        | Noticed Joseph
  2327 | D        | Killed Joseph
  2590 | D        | Noticed a green ugly thing
  2590 | D        | Noticed a gargoyle
  2590 | D        | Noticed a hungry ghost
  2590 | D        | Noticed a centaur warrior
  2590 | D        | Noticed a skeletal warrior
  2597 | D        | Killed a green ugly thing
  2597 | D        | Reached skill level 15 in Armour
  2603 | D        | Killed an unseen horror
  2603 | D        | Reached skill level 15 in Shields
  2607 | D        | Noticed a jelly
  2607 | D        | Killed a gargoyle
  2614 | D        | Noticed a slime creature
  2616 | D        | Killed a hungry ghost
  2620 | D        | Killed a centaur warrior
  2621 | D        | Noticed a rakshasa
  2631 | D        | Killed a skeletal warrior
  2637 | D        | Killed a slime creature
  2639 | D        | Killed a jelly
  2649 | D        | Killed a rakshasa
  2650 | D        | Noticed a centaur warrior
  2651 | D        | Noticed a flayed ghost
  2652 | D        | Noticed a stone giant
  2652 | D        | Noticed an ogre mage
  2654 | D        | Noticed an ogre mage
  2655 | D        | Noticed a hornet
  2659 | D        | Killed a centaur warrior
  2660 | D        | a hornet changed into an eye of draining
  2668 | D        | Killed a flayed ghost
  2676 | D        | Killed a stone giant
  2681 | D        | Killed an ogre mage
  2686 | D        | Killed an ogre mage
  2686 | D        | Reached skill level 5 in Throwing
  2686 | D        | Reached XP level 13. HP: 52/86 MP: 21/21
  2922 | D        | Noticed a shambling mangrove
  2922 | D        | Noticed a spiny frog
  2922 | D        | Noticed an alligator
  2922 | D        | Noticed a spiny frog
  2922 | D        | Noticed a spriggan rider
  2922 | D        | Noticed a thorn hunter
  2923 | D        | Noticed a slime creature
  2932 | D        | Killed a shambling mangrove
  2932 | D        | Reached skill level 16 in Shields
  2933 | D        | Noticed a swamp drake
  2937 | D        | Killed an alligator
  2938 | D        | Noticed a spriggan druid
  2940 | D        | Killed a spiny frog
  2947 | D        | Killed a spiny frog
  2952 | D        | Killed a spriggan rider
  2952 | D        | Killed a wasp
  2953 | D        | Killed a swamp drake
  2964 | D        | Killed a thorn hunter
  2964 | D        | Reached skill level 15 in Maces & Flails
  2968 | D        | Killed a slime creature
  2970 | D        | Killed a spriggan druid
  3030 | D        | Noticed a black mamba
  3030 | D        | Noticed a naga sharpshooter
  3030 | D        | Noticed a black mamba
  3030 | D        | Noticed a naga mage
  3030 | D        | Noticed a shock serpent
  3030 | D        | Noticed a black mamba
  3031 | D        | Noticed an anaconda
  3034 | D        | Killed a black mamba
  3037 | D        | Noticed a guardian serpent
  3041 | D        | Killed a naga sharpshooter
  3049 | D        | Killed a black mamba
  3058 | D        | Killed a naga mage
  3064 | D        | Killed an anaconda
  3065 | D        | Noticed an anaconda
  3072 | D        | Killed a shock serpent
  3078 | D        | Killed an anaconda
  3080 | D        | Killed a black mamba
  3083 | D        | Killed a guardian serpent
  3176 | D        | Noticed an orb spider
  3176 | D        | Noticed a wolf spider
  3176 | D        | Noticed a demonic crawler
  3176 | D        | Noticed a trapdoor spider
  3176 | D        | Noticed a trapdoor spider
  3177 | D        | Noticed a wolf spider
  3180 | D        | Killed an orb spider
  3181 | D        | Noticed an emperor scorpion
  3186 | D        | Killed a trapdoor spider
  3187 | D        | Noticed a wolf spider
  3192 | D        | Killed a wolf spider
  3200 | D        | Killed a demonic crawler
  3200 | D        | Reached skill level 17 in Shields
  3204 | D        | Killed a wolf spider
  3215 | D        | Killed an emperor scorpion
  3215 | D        | Received a gift from Okawaru
  3219 | D        | Killed a trapdoor spider
  3224 | D        | Killed a wolf spider
  3246 | D        | Noticed a trapdoor spider
  3250 | D        | Killed a trapdoor spider
  3289 | D        | Noticed a water elemental
  3289 | D        | Noticed a water elemental
  3289 | D        | Noticed a snapping turtle
  3289 | D        | Noticed a snapping turtle
  3289 | D        | Noticed a griffon
  3289 | D        | Noticed a merfolk
  3290 | D        | Killed a water elemental
  3291 | D        | Noticed a manticore
  3296 | D        | Noticed a sea snake
  3296 | D        | Killed a water elemental
  3297 | D        | Noticed a merfolk avatar
  3305 | D        | Killed a snapping turtle
  3316 | D        | Killed a snapping turtle
  3318 | D        | Killed a griffon
  3325 | D        | Killed a merfolk
  3330 | D        | Killed a manticore
  3337 | D        | Killed a sea snake
  3343 | D        | Killed a merfolk avatar
  3603 | D        | Noticed an ice dragon
  3603 | D        | Noticed a fire giant
  3603 | D        | Noticed a frost giant
  3603 | D        | Noticed an ettin
  3603 | D        | Noticed a stone giant
  3603 | D        | Noticed an entropy weaver
  3610 | D        | Killed an ice dragon
  3612 | D        | Noticed a tentacled monstrosity
  3619 | D        | Noticed a spriggan berserker
  3619 | D        | Killed a fire giant
  3619 | D        | Gained mutation: Your large and strong wings let you fly indefinitely. [Gargoyle growth]
  3619 | D        | Reached XP level 14. HP: 48/94 MP: 16/23
  3633 | D        | Killed a stone giant
  3642 | D        | Noticed an entropy weaver
  3644 | D        | Killed an ettin
  3644 | D        | Received a gift from Okawaru
  3645 | D        | Noticed a yaktaur
  3647 | D        | Noticed a red very ugly thing
  3653 | D        | Killed a frost giant
  3673 | D        | Got an ancient quarterstaff {god gift}
  3781 | D        | Killed a tentacled monstrosity
  3781 | D        | Reached skill level 18 in Armour
  3993 | D        | Killed an entropy weaver
  4086 | D        | Killed a spriggan berserker
  4103 | D        | Killed an entropy weaver
  4138 | D        | Killed a red very ugly thing
  4143 | D        | Killed a yaktaur
  4161 | D        | Noticed a deep troll earth mage
  4162 | D        | Noticed a centaur warrior
  4169 | D        | Killed a deep troll earth mage
  4175 | D        | Killed a centaur warrior
  4285 | D        | Noticed a rakshasa
  4286 | D        | Noticed a necromancer
  4287 | D        | Noticed a tengu reaver
  4288 | D        | Noticed an ice dragon
  4290 | D        | Noticed a fire dragon
  4316 | D        | Killed a tengu reaver
  4324 | D        | Killed a necromancer
  4360 | D        | Killed an ice dragon
  4381 | D        | Killed a fire dragon
  4389 | D        | Killed a fire dragon
  4394 | D        | Killed an ice dragon
  4413 | D        | Killed an ice dragon
  4418 | D        | Killed a rakshasa
  4681 | D        | Noticed a tarantella
  4681 | D        | Noticed a yaktaur captain
  4681 | D        | Noticed a fire drake
  4681 | D        | Noticed an ice dragon
  4681 | D        | Noticed an orc knight
  4681 | D        | Noticed an ironbrand convoker
  4682 | D        | Noticed an ironbrand convoker
  4689 | D        | Killed a yaktaur captain
  4690 | D        | Noticed a fire crab
  4695 | D        | Killed a tarantella
  4696 | D        | Noticed a yaktaur captain
  4703 | D        | Killed an ice dragon
  4707 | D        | Killed a fire drake
  4708 | D        | Noticed a vampire mosquito
  4711 | D        | Noticed a vault warden
  4720 | D        | Killed an orc knight
  4722 | D        | a fire crab changed into a shapeshifter
  4725 | D        | Noticed an orc knight
  4727 | D        | Killed an ironbrand convoker
  4728 | D        | Noticed a necromancer
  4730 | D        | Killed an ironbrand convoker
  4731 | D        | Noticed an ogre mage
  4737 | D        | Killed a yaktaur captain
  4737 | D        | Reached skill level 15 in Dodging
  4738 | D        | Noticed an orc knight
  4749 | D        | Killed a vault warden
  4749 | D        | Received a gift from Okawaru
  4749 | D        | Reached skill level 19 in Armour
  4751 | D        | Killed a vampire mosquito
  4752 | D        | Noticed a fire dragon
  4754 | D        | Noticed a griffon
  4757 | D        | Killed an orc knight
  4758 | D        | Noticed a yaktaur captain
  4759 | D        | Noticed a yaktaur captain
  4768 | D        | Killed a necromancer
  4770 | D        | Killed an ogre mage
  4771 | D        | Noticed a deep elf knight
  4776 | D        | Killed an orc knight
  4779 | D        | Noticed an ogre mage
  4784 | D        | Killed a fire dragon
  4784 | D        | Received a gift from Okawaru
  4787 | D        | Killed a griffon
  4793 | D        | Killed a yaktaur captain
  4793 | D        | Reached XP level 15. HP: 41/101 MP: 25/25
  4797 | D        | Killed a yaktaur captain
  4804 | D        | Killed a deep elf knight
  4816 | D        | Killed an ogre mage
  5270 | D        | Got the +0 large shield of the Moon {rElec rF+}
  5426 | D        | Noticed an emperor scorpion
  5426 | D        | Noticed a wolf spider
  5426 | D        | Noticed an emperor scorpion
  5426 | D        | Noticed a wolf spider
  5426 | D        | Noticed an emperor scorpion
  5443 | D        | Killed an emperor scorpion
  5447 | D        | Killed a wolf spider
  5448 | D        | Noticed a moth of wrath
  5456 | D        | Killed an emperor scorpion
  5466 | D        | Killed a ghost moth
  5473 | D        | Killed a wolf spider
  5474 | D        | Noticed an emperor scorpion
  5485 | D        | Killed an emperor scorpion
  5485 | D        | Reached skill level 15 in Fighting
  5487 | D        | Killed a moth of wrath
  5488 | D        | Noticed a jumping spider
  5489 | D        | Noticed an emperor scorpion
  5498 | D        | Noticed a moth of wrath
  5503 | D        | Killed an emperor scorpion
  5507 | D        | Killed a jumping spider
  5522 | D        | Killed an emperor scorpion
  5522 | D        | Reached skill level 20 in Armour
  5525 | D        | Killed a moth of wrath
  5525 | D        | Reached skill level 10 in Throwing
  5526 | D        | Noticed a demonic crawler
  5529 | D        | Noticed a jumping spider
  5540 | D        | Killed a jumping spider
  5546 | D        | Killed a demonic crawler
  5555 | D        | Got a gossamer rune of Zot
  5640 | D        | Noticed a greater naga
  5640 | D        | Noticed a naga warrior
  5640 | D        | Noticed a greater naga
  5640 | D        | Noticed a naga warrior
  5640 | D        | Noticed a naga mage
  5640 | D        | Noticed a naga
  5641 | D        | Noticed a greater naga
  5647 | D        | Killed a greater naga
  5648 | D        | Noticed a greater naga
  5657 | D        | Killed a greater naga
  5658 | D        | Noticed a naga warrior
  5664 | D        | Killed a naga warrior
  5664 | D        | Received a gift from Okawaru
  5665 | D        | Noticed a greater naga
  5675 | D        | Killed a greater naga
  5676 | D        | Noticed a naga warrior
  5682 | D        | Killed a greater naga
  5688 | D        | Killed a naga warrior
  5689 | D        | Noticed a naga
  5691 | D        | Killed a naga mage
  5692 | D        | Noticed a naga
  5696 | D        | Killed a greater naga
  5696 | D        | Received a gift from Okawaru
  5696 | D        | Reached skill level 15 in Invocations
  5703 | D        | Killed a naga warrior
  5703 | D        | Received a gift from Okawaru
  5708 | D        | Killed a naga warrior
  5712 | D        | Killed a naga
  5714 | D        | Killed a naga
  5718 | D        | Killed a naga
  5729 | D        | Got a serpentine rune of Zot
  5864 | D        | Noticed a swamp dragon
  5864 | D        | Noticed a four-headed hydra
  5864 | D        | Noticed a five-headed hydra
  5864 | D        | Noticed a six-headed hydra
  5864 | D        | Noticed a swamp dragon
  5864 | D        | Noticed a swamp drake
  5870 | D        | Killed a swamp dragon
  5871 | D        | Noticed a swamp dragon
  5874 | D        | Killed a four-headed hydra
  5875 | D        | Noticed a swamp drake
  5878 | D        | Noticed a swamp dragon
  5878 | D        | Killed a five-headed hydra
  5882 | D        | Killed a six-headed hydra
  5882 | D        | Received a gift from Okawaru
  5886 | D        | Killed a swamp dragon
  5887 | D        | Noticed a swamp dragon
  5888 | D        | Noticed a six-headed hydra
  5890 | D        | Killed a swamp drake
  5894 | D        | Noticed a swamp dragon
  5897 | D        | Killed a swamp dragon
  5899 | D        | Killed a swamp drake
  5900 | D        | Noticed a swamp dragon
  5902 | D        | Killed a swamp dragon
  5904 | D        | Killed a swamp dragon
  5908 | D        | Killed a six-headed hydra
  5913 | D        | Killed a swamp dragon
  5913 | D        | Reached skill level 21 in Armour
  5917 | D        | Killed a swamp dragon
  5920 | D        | Got a decaying rune of Zot
  5975 | D        | Noticed a merfolk impaler
  5975 | D        | Noticed a merfolk javelineer
  5975 | D        | Noticed a merfolk aquamancer
  5975 | D        | Noticed a merfolk aquamancer
  5975 | D        | Noticed a merfolk avatar
  5975 | D        | Noticed a merfolk impaler
  5976 | D        | Noticed Ilsuiw
  5980 | D        | Killed a merfolk impaler
  5981 | D        | Noticed a merfolk aquamancer
  5986 | D        | Killed a merfolk aquamancer
  5987 | D        | Noticed a merfolk javelineer
  5996 | D        | Killed a merfolk javelineer
  5996 | D        | Reached XP level 16. HP: 95/110 MP: 21/27
  5997 | D        | Noticed a merfolk impaler
  6005 | D        | Noticed a merfolk javelineer
  6010 | D        | Killed a merfolk aquamancer
  6011 | D        | Noticed a merfolk javelineer
  6012 | D        | Noticed a merfolk javelineer
  6016 | D        | Killed a merfolk avatar
  6024 | D        | Killed a merfolk javelineer
  6026 | D        | Killed a merfolk aquamancer
  6027 | D        | Killed a merfolk javelineer
  6038 | D        | Killed a merfolk javelineer
  6042 | D        | Killed a merfolk javelineer
  6048 | D        | Killed a merfolk impaler
  6048 | D        | Received a gift from Okawaru
  6054 | D        | Killed a merfolk impaler
  6076 | D        | Killed Ilsuiw
  6082 | D        | Got a barnacled rune of Zot
  6218 | D        | Noticed a vault guard
  6218 | D        | Noticed a vault guard
  6218 | D        | Noticed a vault guard
  6218 | D        | Noticed a vault guard
  6218 | D        | Noticed a vault guard
  6218 | D        | Noticed a vault guard
  6225 | D        | Killed a vault guard
  6227 | D        | Killed a vault guard
  6227 | D        | Killed a vault guard
  6227 | D        | Received a gift from Okawaru
  6228 | D        | Killed a vault guard
  6230 | D        | Noticed a vault guard
  6231 | D        | Killed a vault guard
  6232 | D        | Killed a vault guard
  6234 | D        | Noticed a vault guard
  6236 | D        | Noticed a vault guard
  6237 | D        | Killed a vault guard
  6239 | D        | Killed a vault guard
  6240 | D        | Noticed a vault guard
  6241 | D        | Killed a vault guard
  6243 | D        | Killed a vault guard
  6246 | D        | Noticed a vault guard
  6251 | D        | Killed a vault guard
  6251 | D        | Reached skill level 22 in Armour
  6270 | D        | Noticed a vault guard
  6271 | D        | Noticed a vault guard
  6274 | D        | Noticed a vault guard
  6276 | D        | Noticed a vault guard
  6276 | D        | Killed a vault guard
  6278 | D        | Noticed a vault guard
  6281 | D        | Killed a vault guard
  6282 | D        | Killed a vault guard
  6283 | D        | Noticed a vault guard
  6283 | D        | Killed a vault guard
  6283 | D        | Received a gift from Okawaru
  6284 | D        | Killed a vault guard
  6286 | D        | Noticed a vault guard
  6288 | D        | Noticed a vault guard
  6290 | D        | Killed a vault guard
  6293 | D        | Killed a vault guard
  6294 | D        | Noticed a vault guard
  6295 | D        | Noticed a vault guard
  6297 | D        | Noticed a vault guard
  6297 | D        | Killed a vault guard
  6300 | D        | Noticed a vault guard
  6304 | D        | Killed a vault guard
  6308 | D        | Killed a vault guard
  6312 | D        | Killed a vault guard
  6317 | D        | Killed a vault guard
  6323 | D        | Noticed a vault guard
  6324 | D        | Noticed a vault guard
  6332 | D        | Killed a vault guard
  6336 | D        | Killed a vault guard
  6455 | D        | Noticed a freezing wraith
  6455 | D        | Noticed a shining eye
  6455 | D        | Noticed a vault warden
  6455 | D        | Noticed a yaktaur captain
  6455 | D        | Noticed a boulder beetle
  6455 | D        | Noticed a titan
  6457 | D        | Killed a yaktaur captain
  6458 | D        | Killed a freezing wraith
  6458 | D        | Killed a shining eye
  6458 | D        | a boulder beetle changed into a giant orange brain
  6459 | D        | Noticed a stone giant
  6463 | D        | Killed a titan
  6465 | D        | Killed a vault warden
  6467 | D        | Noticed a boulder beetle
  6469 | D        | Noticed an ogre mage
  6471 | D        | Killed a stone giant
  6472 | D        | Killed a shadow wraith
  6472 | D        | Killed a boulder beetle
  6473 | D        | Noticed a freezing wraith
  6475 | D        | Noticed an ironbrand convoker
  6476 | D        | Noticed a shadow dragon
  6477 | D        | Killed an ogre mage
  6477 | D        | Killed a freezing wraith
  6478 | D        | Noticed a shadow dragon
  6480 | D        | Noticed a boulder beetle
  6481 | D        | Killed an ironbrand convoker
  6486 | D        | Noticed an ettin
  6489 | D        | Killed a shadow dragon
  6490 | D        | Noticed a wolf spider
  6495 | D        | Killed a shadow dragon
  6495 | D        | Reached skill level 23 in Armour
  6495 | D        | Reached XP level 17. HP: 110/118 MP: 26/29
  6500 | D        | Killed a boulder beetle
  6503 | D        | Killed an ettin
  6505 | D        | Killed a wolf spider
  6505 | D        | Received a gift from Okawaru
  6831 | D        | Noticed a tengu reaver
  6831 | D        | Noticed a shadow dragon
  6831 | D        | Noticed a shadow dragon
  6831 | D        | Noticed a shadow dragon
  6831 | D        | Noticed a shadow dragon
  6831 | D        | Noticed a shadow dragon
  6832 | D        | Noticed an ancient lich
  6839 | D        | Noticed a tentacled monstrosity
  6839 | D        | Killed a shadow dragon
  6839 | D        | Killed a shadow dragon
  6839 | D        | Killed an ancient lich
  6839 | D        | Reached ****** piety under Okawaru
  6839 | D        | Received a gift from Okawaru
  6840 | D        | Killed a shadow dragon
  6841 | D        | Killed a tengu reaver
  6841 | D        | Killed a shadow dragon
  6841 | D        | Received a gift from Okawaru
  6844 | D        | Noticed a shadow dragon
  6850 | D        | Killed a tentacled monstrosity
  6853 | D        | Killed a shadow dragon
  6860 | D        | Killed a shadow dragon
  6864 | D        | Got a silver rune of Zot
  6993 | D        | Got the amulet of Zin's Displeasure {+Rage rElec rF+}
  6995 | D        | Got the ring "Bul Wixt" {Wiz MR++ Str+4}
  6997 | D        | Got the ring "Gifiodar" {Wiz Int+4}
  6999 | D        | Got the amulet "Kimuq" {rCorr rF+ rN++ Dex-2}
  7001 | D        | Got the ring "Zuit" {MR+ Str+3 Dex+3}
  7124 | D        | Noticed Nikola
  7136 | D        | Killed Nikola
  7136 | D        | Reached skill level 24 in Armour
  7152 | D        | Noticed Louise
  7154 | D        | Noticed Boris
  7156 | D        | Noticed Mara
  7162 | D        | Killed Louise
  7185 | D        | Noticed Kidiri's illusion
  7199 | D        | Killed Boris
  7199 | D        | Received a gift from Okawaru
  7200 | D        | Got a smoking dire flail {god gift}
  7208 | D        | Killed Mara
  7221 | D        | Noticed Frederick
  7222 | D        | Noticed Norris
  7223 | D        | Noticed Mennas
  7224 | D        | Noticed a necromancer
  7231 | D        | Noticed a hell knight
  7234 | D        | Noticed Jory
  7240 | D        | Killed a hell knight
  7241 | D        | Noticed a hell knight
  7242 | D        | Killed Frederick
  7247 | D        | Killed Norris
  7272 | D        | Killed Mennas
  7272 | D        | Received a gift from Okawaru
  7272 | D        | Reached skill level 25 in Armour
  7272 | D        | Reached XP level 18. HP: 62/128 MP: 31/31
  7275 | D        | Killed a necromancer
  7281 | D        | Killed a hell knight
  7284 | D        | Noticed Margery
  7285 | D        | Noticed Xtahua
  7286 | D        | Noticed a hell knight
  7289 | D        | Noticed a necromancer
  7296 | D        | Killed Margery
  7300 | D        | Killed Xtahua
  7303 | D        | Killed a hell knight
  7303 | D        | Received a gift from Okawaru
  7305 | D        | Killed a necromancer
  7313 | D        | Killed Jory
  7349 | D        | Got a polished mace {god gift}
  7350 | D        | Identified the +7 mace of Eternal War {elec, rC+ SInv} (Okawaru gifted it to you in the Dungeon)
  7487 | D        | Noticed an ice beast
  7487 | D        | Noticed an unseen horror
  7487 | D        | Noticed an orc warrior
  7487 | D        | Noticed a tengu warrior
  7487 | D        | Noticed a hippogriff
  7488 | D        | Noticed an ogre mage
  7489 | D        | Killed an ice beast
  7490 | D        | Noticed a troll
  7494 | D        | Killed an unseen horror
  7495 | D        | Noticed a hill giant
  7499 | D        | Killed an orc warrior
  7506 | D        | Killed a tengu warrior
  7509 | D        | Killed a hippogriff
  7512 | D        | Killed an ogre mage
  7512 | D        | Reached skill level 1 in Evocations
  7515 | D        | Killed a troll
  7518 | D        | Killed a hill giant
  7787 | D        | Noticed a green draconian
  7787 | D        | Noticed a bone dragon
  7787 | D        | Noticed an ice dragon
  7787 | D        | Noticed a golden dragon
  7787 | D        | Noticed a white draconian
  7787 | D        | Noticed a mottled dragon
  7789 | D        | Noticed a fire dragon
  7793 | D        | Noticed a yellow draconian
  7828 | D        | Killed a bone dragon
  7828 | D        | Reached skill level 15 in Throwing
  7829 | D        | Noticed a purple draconian
  7836 | D        | Killed a green draconian
  7837 | D        | Noticed an ice dragon
  7851 | D        | Killed a golden dragon
  7857 | D        | Killed an ice dragon
  7859 | D        | Noticed a white draconian
  7866 | D        | Killed a white draconian
  7866 | D        | Received a gift from Okawaru
  7867 | D        | Got a slimy morningstar {god gift}
  7868 | D        | Identified the +5 morningstar "Utzuefet" {crush, *Corrode rF++ rN+ Stlth+} (Okawaru gifted it to you in the Dungeon)
  7874 | D        | Killed a fire dragon
  7883 | D        | Killed a yellow draconian
  7889 | D        | Killed a purple draconian
  7890 | D        | Noticed a red draconian
  7895 | D        | Killed an ice dragon
  7902 | D        | Killed a white draconian
  7908 | D        | Killed a red draconian
  7908 | D        | Reached skill level 26 in Armour
  7911 | D        | Killed a mottled dragon
  7990 | D        | Noticed a moth of wrath
  7990 | D        | Noticed a moth of wrath
  7990 | D        | Noticed a fire dragon
  7990 | D        | Noticed a moth of wrath
  7990 | D        | Noticed a moth of wrath
  7990 | D        | Noticed a yellow draconian caller
  7991 | D        | Noticed a moth of wrath
  7995 | D        | Killed a moth of wrath
  8000 | D        | Killed a moth of wrath
  8007 | D        | Killed a fire dragon
  8010 | D        | Killed a moth of wrath
  8017 | D        | Killed a yellow draconian caller
  8025 | D        | Killed a moth of wrath
  8030 | D        | Killed a moth of wrath
  8051 | D        | Noticed a golden dragon
  8051 | D        | Noticed a green draconian
  8051 | D        | Noticed a red draconian
  8051 | D        | Noticed a white draconian shifter
  8051 | D        | Noticed a mottled draconian knight
  8051 | D        | Noticed an ice dragon
  8054 | D        | Killed a red draconian
  8055 | D        | Killed a green draconian
  8055 | D        | Killed a white draconian shifter
  8055 | D        | Reached skill level 5 in Evocations
  8057 | D        | Killed a golden dragon
  8057 | D        | Received a gift from Okawaru
  8057 | D        | Killed a mottled draconian knight
  8060 | D        | Noticed a yellow draconian shifter
  8060 | D        | Killed an ice dragon
  8063 | D        | Noticed a white draconian
  8068 | D        | Killed a white draconian
  8072 | D        | Killed a yellow draconian shifter
  8422 | D        | Noticed a purple draconian knight
  8422 | D        | Noticed a golden dragon
  8422 | D        | Noticed a yellow draconian
  8422 | D        | Noticed an ice dragon
  8422 | D        | Noticed a yellow draconian
  8422 | D        | Noticed a mottled draconian annihilator
  8424 | D        | Killed a yellow draconian
  8425 | D        | Killed a purple draconian knight
  8425 | D        | Received a gift from Okawaru
  8425 | D        | Killed a yellow draconian
  8427 | D        | Killed an ice dragon
  8428 | D        | Noticed an ice dragon
  8429 | D        | Killed a mottled draconian annihilator
  8430 | D        | Killed an ice dragon
  8431 | D        | Noticed a storm dragon
  8432 | D        | Killed a golden dragon
  8441 | D        | Noticed a tentacled monstrosity
  8449 | D        | Killed a storm dragon
  8458 | D        | Killed a tentacled monstrosity
  8458 | D        | Reached XP level 19. HP: 129/136 MP: 27/33
  8481 | D        | Noticed a shadow dragon
  8481 | D        | Noticed a mottled draconian caller
  8481 | D        | Noticed a purple draconian
  8481 | D        | Noticed a golden dragon
  8481 | D        | Noticed a purple draconian
  8481 | D        | Noticed a black draconian
  8485 | D        | Killed a mottled draconian caller
  8486 | D        | Killed a black draconian
  8489 | D        | Noticed a ghost moth
  8491 | D        | Killed a shadow dragon
  8491 | D        | Reached skill level 27 in Armour
  8491 | D        | Killed a purple draconian
  8491 | D        | Reached skill level 27 in Shields
  8491 | D        | Killed a ghost moth
  8492 | D        | Noticed a death cob
  8493 | D        | Noticed a yellow draconian
  8494 | D        | Killed a golden dragon
  8495 | D        | Killed a purple draconian
  8495 | D        | Killed a yellow draconian
  8501 | D        | Killed a death cob
 10134 | D        | Fell from the grace of Okawaru
 10134 | D        | Became a worshipper of the Shining One
 11601 | D        | Noticed an Orb Guardian
 11601 | D        | Noticed an Orb Guardian
 11601 | D        | Noticed an Orb Guardian
 11601 | D        | Noticed an Orb Guardian
 11601 | D        | Reached * piety under the Shining One
 11601 | D        | Noticed an Orb Guardian
 11601 | D        | Noticed an Orb Guardian
 11603 | D        | Killed an Orb Guardian
 11604 | D        | Killed an Orb Guardian
 11605 | D        | Noticed an Orb Guardian
 11606 | D        | Noticed an Orb Guardian
 11606 | D        | Reached ** piety under the Shining One
 11606 | D        | Killed an Orb Guardian
 11607 | D        | Killed an Orb Guardian
 11607 | D        | Killed an Orb Guardian
 11607 | D        | Killed an Orb Guardian
 11613 | D        | Killed an Orb Guardian
 11614 | D        | Killed an Orb Guardian
 11616 | D        | Noticed an Orb Guardian
 11617 | D        | Noticed an Orb Guardian
 11625 | D        | Killed an Orb Guardian
 11625 | D        | Reached skill level 10 in Evocations
 11631 | D        | Killed an Orb Guardian
 11640 | D        | Noticed a death cob
 11640 | D        | Noticed a tentacled monstrosity
 11640 | D        | Reached *** piety under the Shining One
 11640 | D        | Noticed an Orb Guardian
 11640 | D        | Noticed an Orb Guardian
 11640 | D        | Noticed an ice dragon
 11640 | D        | Noticed an ice dragon
 11642 | D        | Killed a death cob
 11642 | D        | Reached **** piety under the Shining One
 11644 | D        | Killed an ice dragon
 11645 | D        | Noticed an Orb Guardian
 11645 | D        | Killed a tentacled monstrosity
 11646 | D        | Noticed an Orb Guardian
 11646 | D        | Killed an Orb Guardian
 11647 | D        | Killed an Orb Guardian
 11647 | D        | Killed an ice dragon
 11647 | D        | Killed an Orb Guardian
 11657 | D        | Killed an Orb Guardian
 11667 | D        | Noticed an ancient lich
 11667 | D        | Reached ***** piety under the Shining One
 11682 | D        | Killed an ancient lich
 11682 | D        | Reached skill level 27 in Maces & Flails
 11893 | D        | Noticed an orb of fire
 12231 | D        | Killed an orb of fire
 12541 | D        | Noticed an electric golem
 12570 | D        | Killed an electric golem
 12677 | D        | Noticed a purple draconian shifter
 12677 | D        | Noticed a fire dragon
 12677 | D        | Noticed a moth of wrath
 12677 | D        | Noticed an electric golem
 12677 | D        | Noticed a green draconian zealot
 12677 | D        | Noticed an orb of fire
 12678 | D        | Noticed an orb of fire
 12681 | D        | Killed an electric golem
 12681 | D        | Reached XP level 20. HP: 147/147 MP: 32/35
 12681 | D        | Killed a green draconian zealot
 12681 | D        | Reached ****** piety under the Shining One
 12682 | D        | Noticed a red draconian scorcher
 12682 | D        | Killed a moth of wrath
 12683 | D        | Noticed an electric golem
 12684 | D        | Killed a red draconian scorcher
 12685 | D        | Noticed an Orb Guardian
 12687 | D        | Killed a fire dragon
 12688 | D        | Killed an orb of fire
 12689 | D        | Noticed an ice dragon
 12692 | D        | Noticed an Orb Guardian
 12697 | D        | Noticed a fire dragon
 12702 | D        | Killed an ice dragon
 12709 | D        | Noticed an ancient lich
 12712 | D        | Killed an Orb Guardian
 12720 | D        | Killed an ancient lich
 12727 | D        | Killed a fire dragon
 12739 | D        | Killed an Orb Guardian
 12761 | D        | Killed an orb of fire
 12769 | D        | Killed an electric golem
 12790 | D        | Killed a purple draconian shifter
 12808 | D        | Identified a +9 morningstar of holy wrath (a +8 morningstar of draining blessed by the Shining One)
 12808 | D        | Received a gift from the Shining One
 13026 | D        | Noticed an Orb Guardian
 13026 | D        | Noticed an Orb Guardian
 13026 | D        | Noticed an Orb Guardian
 13026 | D        | Noticed an Orb Guardian
 13026 | D        | Noticed an Orb Guardian
 13026 | D        | Noticed an Orb Guardian
 13029 | D        | Killed an Orb Guardian
 13030 | D        | Killed an Orb Guardian
 13031 | D        | Noticed a moth of wrath
 13031 | D        | Killed an Orb Guardian
 13031 | D        | Killed an Orb Guardian
 13032 | D        | Killed a moth of wrath
 13033 | D        | Noticed an Orb Guardian
 13033 | D        | Killed an Orb Guardian
 13037 | D        | Killed an Orb Guardian
 13037 | D        | Killed an Orb Guardian
 13037 | D        | Reached skill level 15 in Evocations
 13040 | D        | Noticed an Orb Guardian
 13041 | D        | Noticed an Orb Guardian
 13042 | D        | Noticed an Orb Guardian
 13044 | D        | Noticed an Orb Guardian
 13045 | D        | Killed an Orb Guardian
 13046 | D        | Killed an Orb Guardian
 13049 | D        | Killed an Orb Guardian
 13050 | D        | Killed an Orb Guardian
 13052 | D        | Noticed a moth of wrath
 13057 | D        | Killed a moth of wrath
 13058 | D        | Noticed an Orb Guardian
 13069 | D        | Killed an Orb Guardian
 13239 | D        | Noticed a lich
 13239 | D        | Noticed a vampire knight
 13239 | D        | Noticed a lich
 13239 | D        | Noticed a vampire knight
 13239 | D        | Noticed a vampire knight
 13239 | D        | Noticed a lich
 13243 | D        | Killed a lich
 13248 | D        | Noticed a vampire knight
 13251 | D        | Noticed a vampire knight
 13251 | D        | Killed a vampire knight
 13255 | D        | Killed a lich
 13259 | D        | Killed a lich
 13263 | D        | Noticed a lich
 13263 | D        | Killed a vampire knight
 13269 | D        | Noticed a vampire knight
 13272 | D        | Killed a vampire knight
 13275 | D        | Noticed a lich
 13282 | D        | Killed a lich
 13283 | D        | Killed a vampire knight
 13283 | D        | Reached skill level 27 in Dodging
 13289 | D        | Killed a vampire knight
 13297 | D        | Killed a vampire knight
 13297 | D        | Reached XP level 21. HP: 159/159 MP: 37/37
 13304 | D        | Killed a lich
 13337 | D        | Noticed a spriggan baker
 13337 | D        | Noticed a spriggan baker
 13337 | D        | Noticed a spriggan baker
 13337 | D        | Noticed a spriggan baker
 13337 | D        | Noticed a spriggan baker
 13337 | D        | Noticed a spriggan baker
 13338 | D        | Killed a spriggan baker
 13340 | D        | Noticed a spriggan baker
 13340 | D        | Killed a spriggan baker
 13342 | D        | Killed a spriggan baker
 13344 | D        | Noticed a spriggan baker
 13345 | D        | Noticed a spriggan baker
 13345 | D        | Killed a spriggan baker
 13348 | D        | Noticed a spriggan baker
 13348 | D        | Killed a spriggan baker
 13349 | D        | Killed a spriggan baker
 13352 | D        | Killed a spriggan baker
 13354 | D        | Killed a spriggan baker
 13356 | D        | Killed a spriggan baker
 13357 | D        | Killed a spriggan baker
 13394 | D        | Noticed a spriggan baker
 13399 | D        | Killed a spriggan baker
 13523 | D        | Noticed a deep elf demonologist
 13523 | D        | Noticed a deep elf annihilator
 13523 | D        | Noticed a deep elf sorcerer
 13523 | D        | Noticed a deep elf annihilator
 13523 | D        | Noticed a deep elf master archer
 13523 | D        | Noticed a deep elf annihilator
 13524 | D        | Noticed a deep elf blademaster
 13530 | D        | Killed a deep elf annihilator
 13536 | D        | Killed a deep elf demonologist
 13537 | D        | Killed a deep elf annihilator
 13537 | D        | Killed a deep elf sorcerer
 13539 | D        | Killed a deep elf annihilator
 13540 | D        | Killed a deep elf master archer
 13541 | D        | Noticed a deep elf annihilator
 13541 | D        | Killed a deep elf blademaster
 13545 | D        | Noticed a deep elf master archer
 13546 | D        | Noticed a deep elf sorcerer
 13548 | D        | Killed a deep elf annihilator
 13550 | D        | Noticed a deep elf blademaster
 13551 | D        | Noticed a deep elf master archer
 13551 | D        | Killed a deep elf sorcerer
 13552 | D        | Killed a deep elf master archer
 13554 | D        | Killed a deep elf master archer
 13556 | D        | Noticed a deep elf demonologist
 13557 | D        | Killed a deep elf blademaster
 13561 | D        | Noticed a deep elf master archer
 13567 | D        | Killed a deep elf demonologist
 13568 | D        | Killed a deep elf master archer
 13570 | D        | Got an elven rune of Zot
 13724 | D        | Noticed a golden eye
 13724 | D        | Noticed an azure jelly
 13724 | D        | Noticed a death ooze
 13724 | D        | Noticed a death ooze
 13724 | D        | Noticed a death ooze
 13724 | D        | Noticed an azure jelly
 13725 | D        | Killed a death ooze
 13726 | D        | Killed a golden eye
 13726 | D        | Killed a death ooze
 13727 | D        | Noticed an azure jelly
 13727 | D        | Killed an azure jelly
 13727 | D        | Killed a death ooze
 13727 | D        | Killed an azure jelly
 13729 | D        | Noticed an acid blob
 13732 | D        | Killed an azure jelly
 13732 | D        | Killed an acid blob
 13732 | D        | Reached skill level 27 in Fighting
 13733 | D        | Noticed an azure jelly
 13734 | D        | Noticed the royal jelly
 13735 | D        | Noticed an azure jelly
 13737 | D        | Noticed an acid blob
 13738 | D        | Killed an azure jelly
 13738 | D        | Reached skill level 27 in Invocations
 13739 | D        | Killed an azure jelly
 13739 | D        | Killed an acid blob
 13740 | D        | Noticed an azure jelly
 13754 | D        | Killed an azure jelly
 13760 | D        | Killed the royal jelly
 13763 | D        | Noticed a death ooze
 13764 | D        | Noticed an azure jelly
 13767 | D        | Noticed a death ooze
 13767 | D        | Killed an azure jelly
 13769 | D        | Killed a death ooze
 13771 | D        | Killed a death ooze
 13772 | D        | Noticed an acid blob
 13775 | D        | Noticed a golden eye
 13777 | D        | Killed an acid blob
 13777 | D        | Reached skill level 5 in Stealth
 13778 | D        | Noticed an acid blob
 13779 | D        | Killed a golden eye
 13781 | D        | Killed an acid blob
 13784 | D        | Got a slimy rune of Zot
 14041 | D        | Noticed a sphinx
 14041 | D        | Noticed a sphinx
 14041 | D        | Noticed a sphinx
 14041 | D        | Noticed a sphinx
 14041 | D        | Noticed a sphinx
 14041 | D        | Noticed a sphinx
 14043 | D        | Killed a sphinx
 14044 | D        | Noticed a sphinx
 14044 | D        | Killed a sphinx
 14045 | D        | Killed a sphinx
 14045 | D        | Killed a sphinx
 14045 | D        | Killed a sphinx
 14046 | D        | Killed a sphinx
 14047 | D        | Noticed a sphinx
 14049 | D        | Noticed a sphinx
 14049 | D        | Killed a sphinx
 14049 | D        | Reached skill level 10 in Stealth
 14050 | D        | Noticed a sphinx
 14051 | D        | Noticed a sphinx
 14052 | D        | Killed a sphinx
 14053 | D        | Killed a sphinx
 14054 | D        | Noticed a sphinx
 14054 | D        | Killed a sphinx
 14057 | D        | Killed a sphinx
 14057 | D        | Killed a sphinx
 14133 | D        | Noticed a guardian mummy
 14133 | D        | Noticed a guardian mummy
 14133 | D        | Noticed a guardian mummy
 14133 | D        | Noticed a guardian mummy
 14133 | D        | Noticed a guardian mummy
 14133 | D        | Noticed a guardian mummy
 14136 | D        | Killed a guardian mummy
 14137 | D        | Noticed a guardian mummy
 14138 | D        | Killed a guardian mummy
 14141 | D        | Killed a guardian mummy
 14142 | D        | Noticed a guardian mummy
 14149 | D        | Killed a guardian mummy
 14149 | D        | Reached XP level 22. HP: 135/169 MP: 39/39
 14152 | D        | Killed a guardian mummy
 14153 | D        | Noticed a guardian mummy
 14156 | D        | Killed a guardian mummy
 14158 | D        | Killed a guardian mummy
 14159 | D        | Noticed a guardian mummy
 14162 | D        | Killed a guardian mummy
 14164 | D        | Killed a guardian mummy
 14167 | D        | Killed a guardian mummy
 14235 | D        | Noticed a guardian mummy
 14235 | D        | Noticed a guardian mummy
 14235 | D        | Noticed a greater mummy
 14235 | D        | Noticed a guardian mummy
 14235 | D        | Noticed a mummy priest
 14235 | D        | Noticed a guardian mummy
 14237 | D        | Killed a guardian mummy
 14743 | D        | Killed a guardian mummy
 14790 | D        | Killed a greater mummy
 14928 | D        | Killed a guardian mummy
 14938 | D        | Killed a mummy priest
 14954 | D        | Killed a guardian mummy
 14970 | D        | Noticed a guardian mummy
 14971 | D        | Noticed a guardian mummy
 14972 | D        | Noticed a guardian mummy
 14975 | D        | Killed a guardian mummy
 14977 | D        | Killed a guardian mummy
 14979 | D        | Killed a guardian mummy
 15081 | D        | Noticed a guardian mummy
 15081 | D        | Noticed a mummy priest
 15081 | D        | Noticed a greater mummy
 15081 | D        | Noticed a greater mummy
 15081 | D        | Noticed a greater mummy
 15081 | D        | Noticed a greater mummy
 15388 | D        | Killed a guardian mummy
 15401 | D        | Killed a mummy priest
 15405 | D        | Killed a greater mummy
 15405 | D        | Reached skill level 27 in Throwing
 15405 | D        | Reached skill level 15 in Stealth
 15562 | D        | Killed a greater mummy
 15582 | D        | Killed a greater mummy
 15620 | D        | Killed a greater mummy
 15621 | D        | Noticed a guardian mummy
 15641 | D        | Killed a guardian mummy
 15750 | D        | Noticed a mummy priest
 15757 | D        | Killed a mummy priest
 15789 | D        | Noticed a guardian mummy
 15793 | D        | Killed a guardian mummy
 15795 | D        | Got a golden rune of Zot
 15910 | D        | Noticed a large abomination
 15910 | D        | Noticed a phantasmal warrior
 15910 | D        | Noticed a large abomination
 15910 | D        | Noticed an iron imp
 15910 | D        | Noticed a wandering mushroom
 15912 | D        | Killed a large abomination
 15912 | D        | Killed a large abomination
 15912 | D        | Killed an iron imp
 15915 | D        | Killed a phantasmal warrior
 15915 | D        | Killed a wandering mushroom
 15916 | D        | Noticed a thrashing horror
 15916 | D        | Noticed a raiju
 15917 | D        | Noticed a small abomination
 15918 | D        | Killed a thrashing horror
 15918 | D        | Killed a small abomination
 15919 | D        | Killed a raiju
 15921 | D        | Noticed a thrashing horror
 15922 | D        | Noticed a quasit
 15926 | D        | Killed a thrashing horror
 15928 | D        | Killed a quasit
 15931 | D        | Got an abyssal rune of Zot
 16061 | D        | Noticed Geryon
 16068 | D        | Killed Geryon
 16070 | D        | Noticed Dispater
 16070 | D        | Noticed Cerebov
 16071 | D        | Noticed Gloorx Vloq
 16496 | D        | Killed Dispater
 16856 | D        | Killed Cerebov
 16983 | D        | Killed Gloorx Vloq
 17269 | D        | Got an iron rune of Zot
 17271 | D        | Noticed Lom Lobon
 17274 | D        | Got a fiery rune of Zot
 17275 | D        | Noticed Ereshkigal
 17417 | D        | Was forgiven by Okawaru
 17542 | D        | Reached skill level 27 in Evocations
 17566 | D        | Killed Lom Lobon
 17566 | D        | Reached skill level 27 in Stealth
 17827 | D        | Killed Ereshkigal
 17827 | D        | Reached XP level 23. HP: 175/175 MP: 40/40
 18033 | D        | Noticed Asmodeus
 18052 | D        | Noticed Antaeus
 18062 | D        | Killed Asmodeus
 18556 | D        | Noticed Mnoleg
 18584 | D        | Killed Antaeus
 18598 | D        | Killed Mnoleg
 18778 | D        | Got a dark rune of Zot
 18782 | D        | Got a magical rune of Zot
 18787 | D        | Got a bone rune of Zot
 18791 | D        | Got an obsidian rune of Zot
 18795 | D        | Got a glowing rune of Zot
 18799 | D        | Got an icy rune of Zot
 19242 | D        | Got the Orb of Zot
 19794 | D        | Noticed Wesy the pandemonium lord
 19808 | D        | Killed Wesy the pandemonium lord
 19854 | D        | Noticed Estith the pandemonium lord
 19863 | D        | Killed Estith the pandemonium lord
 19913 | D        | Noticed Veikh the pandemonium lord
 19925 | D        | Killed Veikh the pandemonium lord
 19960 | D        | Reached skill level 27 in Spellcasting
 19965 | D        | Reached skill level 1 in Unarmed Combat
 20050 | D        | Reached skill level 5 in Unarmed Combat
 20125 | D        | Noticed a seraph
 20135 | D        | Killed a seraph
 20135 | D        | Reached skill level 15 in Unarmed Combat
 20194 | D        | Noticed Koapn the pandemonium lord
 20212 | D        | Killed Koapn the pandemonium lord
 20212 | D        | Reached XP level 24. HP: 162/181 MP: 54/54
 20558 | D        | Noticed Etygoduz the pandemonium lord
 20573 | D        | Killed Etygoduz the pandemonium lord
 20882 | D        | Noticed Guthovui the pandemonium lord
 20894 | D        | Killed Guthovui the pandemonium lord
 20931 | D        | Reached skill level 27 in Unarmed Combat
 20975 | D        | Noticed Yxzigiah the pandemonium lord
 20994 | D        | Killed Yxzigiah the pandemonium lord
 21198 | D        | Escaped with the Orb!

Vault maps used:
D:        linesprint

Action                   |  1- 3 |  4- 6 |  7- 9 | 10-12 | 13-15 | 16-18 | 19-21 | 22-24 || total
-------------------------+-------+-------+-------+-------+-------+-------+-------+-------++-------
Melee: Flail             |    56 |     3 |       |       |       |       |       |       ||    59
       Morningstar       |       |    33 |   111 |   261 |   741 |   279 |    78 |   700 ||  2203
       Mace              |       |       |       |       |       |   141 |   323 |       ||   464
Throw: Javelin           |       |       |       |       |     9 |    93 |   109 |    60 ||   271
       Tomahawk          |       |       |       |       |       |     8 |    11 |     5 ||    24
Invok: Heroism           |       |     1 |     3 |     8 |    18 |    12 |     1 |       ||    43
       Finesse           |       |       |       |     7 |    18 |    12 |     1 |       ||    38
       Divine Shield     |       |       |       |       |       |       |    13 |    15 ||    28
       Brand Weapon With |       |       |       |       |       |       |     1 |       ||     1
       Cleansing Flame   |       |       |       |       |       |       |       |     1 ||     1
       Summon Divine War |       |       |       |       |       |       |       |     1 ||     1
 Abil: Evoke Invisibilit |       |       |       |       |       |     5 |     1 |       ||     6
       Fly               |       |       |       |       |       |     1 |       |       ||     1
       Evoke Berserk Rag |       |       |       |       |       |       |     1 |     2 ||     3
       Stop Flying       |       |       |       |       |       |       |       |     1 ||     1
Evoke: Wand              |       |       |       |       |       |       |       |     2 ||     2
  Use: Potion            |     1 |       |       |     4 |     6 |     3 |     1 |     6 ||    21
       Scroll            |       |       |       |     2 |     8 |     2 |     2 |     4 ||    18
 Stab: Confused          |       |       |       |       |     2 |       |       |       ||     2
       Invisible         |       |       |       |       |       |    16 |       |       ||    16
  Eat: Chunk             |       |       |     1 |     5 |     5 |     3 |     2 |       ||    16
       Bread ration      |       |       |       |     1 |     3 |     2 |     4 |     4 ||    14
       Fruit             |       |       |       |       |       |       |     4 |     6 ||    10
       Meat ration       |       |       |       |       |       |       |       |     1 ||     1
